 Dungeon Crawl Stone Soup version 0.31-a0-1581-g41d5ff3e7b (webtiles) character file.

Game seed: 2228823929350764841

85942 NoAnimeNoLife the Severer (level 15, -21/148 HPs)
             Began as a Hill Orc Fighter on Jan 5, 2024.
             Was the Champion of Okawaru.
             Killed from afar by a thorn hunter (28 damage)
             ... with a volley of thorns
             ... on level 3 of the Swamp.
             The game lasted 00:20:55 (21538 turns).

NoAnimeNoLife the Severer (Hill Orc Fighter)       Turns: 21538, Time: 00:20:55

Health: -21/148    AC: 41    Str: 33      XL:     15   Next: 85%
Magic:  0/24       EV:  7    Int:  8      God:    Okawaru [******]
Gold:   3045       SH:  0    Dex:  9 (10) Spells: 14/14 levels left

rFire   + . .        c - +6 executioner's axe (spect)
rCold   . . .        (shield currently unavailable)
rNeg    . . .        H - +10 crystal plate armour of Intercession {^Contam rF+ Slay+3}
rPois   .            (no helmet)
rElec   .            m - +2 cloak {Will+}
rCorr   .            p - +0 pair of gloves
SInv    .            v - +2 pair of boots
Will    ++...        T - amulet of guardian spirit Stlth
                     k - +4 ring of slaying
HPRegen 0.44/turn    Y - +6 ring of strength
MPRegen 0.19/turn

%: guardian spirit
@: hasted, slow
A: hooves 1, deterioration 1
a: Renounce Religion, Heroism, Finesse, Duel


You were on level 3 of the Swamp.
You worshipped Okawaru.
Okawaru was exalted by your worship.
You visited 5 branches of the dungeon, and saw 23 of its levels.

You collected 3544 gold pieces.
You spent 499 gold pieces at shops.

Inventory:

Hand Weapons
 c - a +6 spectral executioner's axe (weapon)
Missiles
 E - a throwing net
 J - 5 curare-tipped darts
Armour
 m - a +2 cloak of willpower (worn)
 p - a +0 pair of gloves (worn)
 v - a +2 pair of boots (worn)
 H - the +10 crystal plate armour of Intercession (worn) {^Contam rF+ Slay+3}
   (Okawaru gifted it to you on level 12 of the Dungeon)

   Slay+3:    It affects your accuracy & damage with ranged weapons and melee
   (+3).
   rF+:       It protects you from fire.
   ^Contam:   It causes magical contamination when unequipped.
Jewellery
 k - a +4 ring of slaying (left hand)
 t - a ring of fire
 A - a ring of ice
 D - a ring of protection from cold
 N - a +6 ring of dexterity
 P - a ring of flight
 T - an amulet of guardian spirit (around neck)
 U - a ring of willpower
 Y - a +6 ring of strength (right hand)
Wands
 q - a wand of paralysis (24)
 y - a wand of digging (15) {@v3}
 L - a wand of polymorph (1)
 V - a wand of mindburst (16)
 W - a wand of flame (3)
Scrolls
 a - 3 scrolls of enchant armour
 e - 14 scrolls of teleportation {@r2}
 n - a scroll of amnesia
 o - 4 scrolls of noise
 u - 4 scrolls of immolation
 z - a scroll of fear
 F - 2 scrolls of revelation {@r4}
 G - a scroll of fog
 I - a scroll of silence
 O - 2 scrolls of brand weapon
 Q - 2 scrolls of poison
Potions
 d - 6 potions of attraction
 f - 2 potions of resistance {@q5}
 g - a potion of enlightenment
 h - 3 potions of lignification
 i - a potion of invisibility
 j - 3 potions of berserk rage
 l - a potion of magic
 r - 6 potions of mutation
 s - a potion of haste {@q4}
 w - 6 potions of curing {@q1}
 x - 7 potions of heal wounds {unknown}
 B - 3 potions of might {@q3}
 S - a potion of brilliance {unknown}
Miscellaneous
 b - a phial of floods


   Skills:
 + Level 17.7 Fighting
 - Level 20.1 Axes
 + Level 14.0 Armour
 - Level 7.0 Shields
 - Level 13.0 Invocations
 - Level 5.8 Evocations


You had 14 spell levels left.
You didn't know any spells.
Your spell library contained the following spells:

 Spells                   Type           Power      Damage    Failure   Level
 Freeze                   Ice            0%         1d3       99%         1
 Kiss of Death            Conj/Necr      0%         2d5       99%         1
 Sting                    Conj/Alch      0%         1d3       99%         1
 Blink                    Tloc           0%         N/A       100%        2
 Cigotuvi's Dreadful Rot  Necr/Alch/Air  0%         N/A       100%        2
 Lesser Beckoning         Tloc           0%         N/A       100%        2
 Mercury Vapours          Alch/Air       0%         N/A       100%        2
 Momentum Strike          Conj/Tloc      0%         3d8       100%        2
 Confusing Touch          Hex            0%         N/A       100%        3
 Frozen Ramparts          Ice            0%         1d1       100%        3
 Gell's Gravitas          Tloc           0%         N/A       100%        3
 Hailstorm                Conj/Ice       0%         3d5       100%        3
 Mephitic Cloud           Conj/Alch/Air  0%         N/A       100%        3
 Ozocubu's Armour         Ice            0%         N/A       100%        3
 Teleport Other           Tloc           0%         N/A       100%        3
 Dimensional Bullseye     Hex/Tloc       0%         N/A       100%        4
 Dispel Undead            Necr           0%         3d6       100%        4
 Ignite Poison            Fire/Alch      0%         N/A       100%        4
 Iskenderun's Mystic Bla  Conj/Tloc      0%         2d3       100%        4
 Olgreb's Toxic Radiance  Alch           0%         N/A       100%        4
 Borgnjor's Vile Clutch   Necr/Erth      0%         N/A       100%        5
 Freezing Cloud           Conj/Ice/Air   0%         6-21      100%        5
 Metabolic Englaciation   Hex/Ice        0%         N/A       100%        5
 Tukima's Dance           Hex            Unusable   N/A       N/A         3
 Animate Dead             Necr           Unusable   N/A       N/A         4
 Death Channel            Necr           Unusable   N/A       N/A         6
 Sculpt Simulacrum        Ice/Alch       Unusable   N/A       N/A         6

Dungeon Overview and Level Annotations

Branches:
Dungeon (12/15)            Temple (1/1) D:4            Lair (5/5) D:10
  Swamp (3/4) Lair:3        Snake (0/4) Lair:3        Slime (0/5) Lair:4
    Orc (2/2) D:12            Elf (0/3) Orc:2

Altars:
Ashenzari
Cheibriados
Dithmenos
Elyvilon
Fedhas
Gozag
Hepliaklqana
Kikubaaqudgha
Makhleb
Nemelex Xobeh
Okawaru
Qazlal
Ru
Sif Muna
Trog
Uskayaw
Vehumet
Wu Jian
Xom
Yredelemnul
Zin
The Shining One
Beogh
Jiyva

Shops:
D:3 =   D:8 (   D:9 ?(?   Orc:2 (*(:[

Portals:
Trove: D:12 (give horn of Geryon)


Innate Abilities, Weirdness & Mutations

You have large cloven feet.
Your body sometimes deteriorates upon taking damage.


Message History

You destroy the briar patch!
The thorn hunter fires a volley of thorns at you.
The volley of thorns hits you but does no damage.
You slice the briar patch like a ripe choko!!!
You destroy the briar patch!
Your +6 spectral executioner's axe disappears.
The thorn hunter fires a volley of thorns at you.
The volley of thorns hits you!!
* * * LOW HITPOINT WARNING * * *
Your body deteriorates!
You feel clumsy.
Okay, then.
Okay, then.
Okay, then.
Unknown command.
Okay, then.
Aim the phial where?
Press: ? - help, Shift-Dir - straight line, f - thorn hunter
Aim: a thorn hunter (77% to hit)
Okay, then.
Press: ? - help, . - travel You can't see that place. [some shallow water.]
Okay, then.
You feel yourself speed up.
The thorn hunter gestures.
Thorny briars emerge from the ground!
The thorn hunter fires a volley of thorns at you.
The volley of thorns hits you.
* * * LOW HITPOINT WARNING * * *
The thorn hunter fires a volley of thorns at you.
The volley of thorns misses you.
The thorn hunter fires a volley of thorns at you.
The volley of thorns hits you but does no damage.
The briar patch crumbles away.
The thorn hunter fires a volley of thorns at you.
The volley of thorns hits you!!
* * * LOW HITPOINT WARNING * * *
The thorn hunter fires a volley of thorns at you.
The volley of thorns hits you!!
You die...

♣♣ ♣~~~..~~~~~~.§..
♣..~♣♣~...~..§§~~..~.
...♣...P~~...~.~~....
.~♣~~~PP~....~P~.~~. .♣♣
♣♣..~~PP~..~.~Pf$~..
~~.♣♣...~~PP~~~~~~P.~...
~~.~..~§~~PP~~~~~~~P..?.
♣..~~~~~~~PP~††~§~.).~..
.♣.~~~~~~~PP.~~~@.!~♣♣..
♣♣~~~~~~~~PP~~~§.~..~♣ .
♣♣♣....~~.PP~~†~.~~..~..
♣♣~.[~....PP~~~~.~~.~...
.♣♣..♣.$.~♣♣P~~~........
.~..♣..~♣♣♣♣~....♣......
....~.~..~♣♣♣♣♣♣♣.~~§~~~
~~~~~~~~.♣♣ ~~§~~~~
.§~†~~~~..♣ .~


You could see a thorn hunter.

Vanquished Creatures
  3 orc warlords
  2 eleionomae
  2 bunyips
  The ghost of InterstingKuromi the Grappler, a journeyman TrSh of Wu Jian (Orc:2)
  Harold (D:9)
  A catoblepas (Lair:5)
  2 centaur warriors (Orc:2)
  A hydra (Lair:5)
  3 alligators
  A boulder beetle (D:12)
  3 two-headed ogres
  A naga warrior (Orc:2)
  3 orc high priests
  Urug (D:10)
  2 spriggans
  Nergalle (Lair:3)
  Sonja (D:11)
  A skyshark (Lair:5)
  4 goliath frogs
  A spriggan druid (Swamp:1)
  Pikel (D:4)
  2 bog bodies (Swamp:2)
  13 orc knights
  3 swamp dragons
  2 cyclopes
  2 ugly things (D:11)
  5 orc sorcerers
  4 will-o-the-wisps
  A black mamba (Lair:3)
  7 elephants
  A kobold blastminer (Orc:1)
  A torpor snail (Lair:4)
  A gargoyle (D:12)
  21 cane toads
  9 komodo dragons
  6 rime drakes (Lair:3)
  An unseen horror (D:11)
  5 trolls
  5 polar bears
  2 hornets
  8 tyrant leeches
  23 blink frogs
  Grinder (D:4)
  2 vampires
  4 wraiths (D:12)
  50 yaks
  2 wyverns
  A shadow (D:12)
  Eustachio (D:6)
  6 wargs
  9 vampire mosquitoes
  15 steam dragons
  16 swamp worms
  Edmund (D:6)
  2 acid dragons
  12 water moccasins
  5 swamp drakes
  A sky beast (D:8)
  An ice beast (D:6)
  14 black bears
  37 orc warriors
  6 ogres
  14 wolves
  5 centaurs
  A lemure (D:4)
  2 kobold brigands (D:9)
  23 bullfrogs
  7 scorpions
  14 wights
  14 killer bees
  A howler monkey (D:5)
  4 jellies
  3 bombardier beetles
  29 orc priests
  6 hounds
  3 sleepcaps
  3 iguanas
  Terence (D:2)
  29 orc wizards
  4 gnolls (D:4)
  10 adders
  3 white imps
  3 ufetubi (D:6)
  2 dart slugs
  83 orcs
  7 ball pythons
  11 bats
  6 endoplasms
  3 giant cockroaches
  6 goblins
  5 hobgoblins
  A jackal (D:5)
  19 kobolds
  2 quokkas
  4 frilled lizards
  4 rats
676 creatures vanquished.

Vanquished Creatures (others)
  A bloated husk (Swamp:3)
  A bombardier beetle (D:6)
  2 orcs
  28 foxfires
  2 spectral weapons
34 creatures vanquished.

Grand Total: 710 creatures vanquished

Notes
Turn   | Place    | Note
-------+----------+-------------------------------------------
     0 | D:1      | NoAnimeNoLife the Hill Orc Fighter began the quest for the
                  | Orb.
     0 | D:1      | Reached XP level 1. HP: 19/19 MP: 1/1
    42 | D:1      | Reached skill level 3 in Axes
   135 | D:1      | Reached XP level 2. HP: 19/27 MP: 2/2
   346 | D:1      | You fall into a shaft and drop 1 floor!
   441 | D:2      | Reached XP level 3. HP: 34/34 MP: 3/3
   446 | D:2      | Reached skill level 4 in Axes
   732 | D:2      | Identified the +2 ring mail "Uridis" {Regen+}
   997 | D:1      | Reached XP level 4. HP: 39/41 MP: 4/4
  1171 | D:2      | Reached skill level 5 in Fighting
  1380 | D:2      | Noticed Terence
  1386 | D:2      | Killed Terence
  1568 | D:3      | Reached skill level 5 in Axes
  1568 | D:3      | Reached XP level 5. HP: 46/48 MP: 5/5
  1834 | D:3      | Noticed an ogre
  1840 | D:3      | Killed an ogre
  1841 | D:3      | Reached skill level 6 in Axes
  1841 | D:3      | Reached XP level 6. HP: 46/57 MP: 6/6
  1944 | D:3      | Found a faded altar of an unknown god.
  2040 | D:3      | Found Hollua's Jewellery Shop.
  2453 | D:4      | Noticed Pikel
  2466 | D:4      | Killed Pikel
  2467 | D:4      | Reached skill level 8 in Axes
  2467 | D:4      | Reached XP level 7. HP: 34/68 MP: 7/7
  2522 | D:4      | Reached XP level 8. HP: 65/75 MP: 8/8
  2540 | D:4      | Reached skill level 9 in Axes
  2615 | D:4      | Noticed Grinder
  2637 | D:4      | Killed Grinder
  2796 | D:4      | Found a staircase to the Ecumenical Temple.
  2801 | D:4      | Reached skill level 10 in Axes
  2805 | Temple   | Entered the Ecumenical Temple
  2818 | Temple   | Became a worshipper of Warmaster Okawaru
  3212 | D:5      | Entered Level 5 of the Dungeon
  3326 | D:5      | Reached skill level 10 in Fighting
  3326 | D:5      | Reached XP level 9. HP: 80/85 MP: 9/9
  3436 | D:5      | Found a hazy altar of Hepliaklqana.
  3440 | D:5      | Found a glowing silver altar of Zin.
  3534 | D:5      | Reached skill level 11 in Axes
  3599 | D:5      | Found a glowing golden altar of the Shining One.
  3819 | D:5      | Reached * piety under Okawaru
  4278 | D:6      | Noticed Edmund
  4298 | D:6      | Killed Edmund
  4411 | D:6      | Noticed Eustachio
  4424 | D:6      | Killed Eustachio
  4450 | D:6      | Reached skill level 12 in Axes
  4450 | D:6      | Found a shimmering altar of Xom.
  4450 | D:6      | Found a shimmering altar of Xom.
  4450 | D:6      | Found a shimmering altar of Xom.
  4451 | D:6      | Found a shimmering altar of Xom.
  4451 | D:6      | Found a shimmering altar of Xom.
  4451 | D:6      | Found a shimmering altar of Xom.
  4451 | D:6      | Found a shimmering altar of Xom.
  4625 | D:6      | Reached ** piety under Okawaru
  4630 | D:6      | Found a shimmering altar of Xom.
  4630 | D:6      | Found a shimmering altar of Xom.
  4634 | D:6      | Found a shimmering altar of Xom.
  4959 | D:6      | Reached XP level 10. HP: 24/97 MP: 10/10
  5179 | D:6      | Reached skill level 13 in Axes
  5243 | D:7      | Found a broken altar of Ashenzari.
  5667 | D:7      | Reached *** piety under Okawaru
  5720 | D:7      | Identified the +2 short sword of Descent {flame, rC- Int+5}
  6307 | D:8      | Reached skill level 14 in Axes
  6391 | D:8      | Found Qat Peca's Antique Weapon Boutique.
  6660 | D:9      | Found Zauxipy's Weapon Shoppe.
  6669 | D:9      | Reached **** piety under Okawaru
  6766 | D:9      | Found Fyihequs's Magic Scroll Emporium.
  6795 | D:9      | Found a stormy altar of Qazlal.
  6801 | D:9      | Bought a scroll of fear for 64 gold pieces
  6801 | D:9      | Bought a scroll of identify for 32 gold pieces
  6801 | D:9      | Bought a scroll of identify for 32 gold pieces
  6861 | D:9      | Noticed a two-headed ogre
  6866 | D:9      | Killed a two-headed ogre
  6867 | D:9      | Reached skill level 15 in Axes
  6867 | D:9      | Reached XP level 11. HP: 110/110 MP: 11/11
  7202 | D:9      | Noticed Harold
  7211 | D:9      | Killed Harold
  7216 | D:9      | Noticed a two-headed ogre
  7225 | D:9      | Killed a two-headed ogre
  7225 | D:9      | Reached ***** piety under Okawaru
  7370 | D:9      | Found Emimoa's Magic Scroll Shoppe.
  7373 | D:9      | Bought a scroll of revelation for 105 gold pieces
  7373 | D:9      | Bought a scroll of fog for 56 gold pieces
  7373 | D:9      | Bought a scroll of enchant armour for 105 gold pieces
  7375 | D:9      | Bought a scroll of enchant armour for 105 gold pieces
  7435 | D:10     | Entered Level 10 of the Dungeon
  7435 | D:10     | Noticed Urug
  7444 | D:10     | Killed Urug
  7444 | D:10     | Received a gift from Okawaru
  7518 | D:10     | Found a staircase to the Lair.
  7524 | D:10     | Reached skill level 5 in Armour
  7524 | D:10     | Reached skill level 5 in Shields
  8445 | D:10     | Reached skill level 16 in Axes
  8497 | D:10     | Noticed a two-headed ogre
  8503 | D:10     | Killed a two-headed ogre
  8681 | D:10     | Received a gift from Okawaru
  8879 | D:10     | Reached skill level 1 in Invocations
  8915 | D:11     | Reached skill level 1 in Evocations
  8915 | D:11     | Reached XP level 12. HP: 117/117 MP: 11/13
  9080 | D:11     | Noticed Sonja
  9083 | D:11     | Killed Sonja
  9568 | D:11     | Reached skill level 5 in Invocations
  9650 | D:11     | Identified the +0 plate armour of Nucwiohu {rF+ Str+2}
 10304 | D:12     | Reached skill level 5 in Evocations
 10378 | D:12     | Noticed a boulder beetle
 10398 | D:12     | Killed a boulder beetle
 10640 | D:12     | Reached ****** piety under Okawaru
 10773 | D:12     | Acquired a +4 executioner's axe of distortion
 10773 | D:12     | Received a gift from Okawaru
 10784 | D:12     | Acquired the +10 crystal plate armour of Intercession
                  | {^Contam rF+ Slay+3}
 10784 | D:12     | Received a gift from Okawaru
 10878 | D:12     | Received a gift from Okawaru
 10977 | D:12     | Found a staircase to the Orcish Mines.
 11349 | D:12     | Found a portal to a secret trove of treasure.
 11549 | Lair:1   | Entered Level 1 of the Lair of Beasts
 12145 | Lair:1   | Reached XP level 13. HP: 124/124 MP: 20/20
 12171 | Lair:1   | Received a gift from Okawaru
 12739 | Lair:2   | Reached skill level 17 in Axes
 12746 | Lair:2   | Reached skill level 10 in Invocations
 13699 | Lair:3   | Gained mutation: You have large cloven feet. [potion of
                  | mutation]
 13699 | Lair:3   | Gained mutation: Your body sometimes deteriorates upon
                  | taking damage. [potion of mutation]
 13726 | Lair:3   | Found a staircase to the Snake Pit.
 13776 | Lair:3   | Noticed an eleionoma
 13777 | Lair:3   | Found a staircase to the Swamp.
 13787 | Lair:3   | Killed an eleionoma
 13825 | Lair:3   | Reached skill level 18 in Axes
 13825 | Lair:3   | Received a gift from Okawaru
 14259 | Lair:3   | Noticed Nergalle
 14262 | Lair:3   | Received a gift from Okawaru
 14267 | Lair:3   | Killed Nergalle
 14669 | Lair:4   | Found a staircase to the Slime Pits.
 14669 | Lair:4   | Found a viscous altar of Jiyva.
 15084 | Lair:4   | Reached skill level 19 in Axes
 15497 | Lair:5   | Entered Level 5 of the Lair of Beasts
 15531 | Lair:5   | Reached XP level 14. HP: 127/132 MP: 23/23
 15560 | Arena    | Entered the Arena
 15597 | Lair:5   | Received a gift from Okawaru
 15894 | Lair:5   | Identified the staff of Gloom {rElec Int+4 Tloc Air}
 15902 | Lair:5   | Identified the staff "Jouhar" {rPois rF+ Dex+3 Tloc Fire}
 15911 | Lair:5   | Identified the +0 troll leather armour of Parlour Games
                  | {-Tele +Inv rPois Will++ Regen+}
 15953 | Lair:5   | Reached skill level 20 in Axes
 16102 | Lair:5   | Reached skill level 10 in Armour
 16135 | Lair:5   | Received a gift from Okawaru
 16701 | Orc:1    | Entered Level 1 of the Orcish Mines
 16961 | Orc:1    | Noticed an orc warlord
 16989 | Orc:1    | Killed an orc warlord
 17180 | Orc:1    | Reached skill level 15 in Fighting
 17398 | Orc:2    | Entered Level 2 of the Orcish Mines
 17526 | Orc:2    | Received a gift from Okawaru
 17530 | Orc:2    | Found a roughly hewn altar of Beogh.
 17532 | Orc:2    | Noticed an orc warlord
 17545 | Orc:2    | Killed an orc warlord
 17557 | Orc:2    | Found Pybuev's Book Boutique.
 17559 | Orc:2    | Found Zanexupn's Antique Armour Boutique.
 17583 | Orc:2    | Reached XP level 15. HP: 83/143 MP: 15/24
 17781 | Orc:2    | Found Ruix's General Store.
 17917 | Orc:2    | Found a runed translucent gate.
 17918 | Orc:2    | Found a runed translucent gate.
 17919 | Orc:2    | Found a runed translucent gate.
 17921 | Orc:2    | Noticed InterstingKuromi's ghost (journeyman TrSh)
 18021 | Orc:2    | Noticed an orc warlord
 18026 | Orc:2    | Received a gift from Okawaru
 18029 | Orc:2    | Killed an orc warlord
 18079 | Orc:2    | Found Paatsobi's Antique Weapon Boutique.
 18187 | Orc:2    | Found a staircase to the Elven Halls.
 18503 | Orc:2    | Found Pemuep's Antique Weapon Shoppe.
 18538 | Orc:2    | Found a roughly hewn altar of Beogh.
 18671 | Orc:2    | Identified the +0 robe "Umeep" {rElec rPois rC++ Dex+2}
 18719 | Orc:2    | Found a roughly hewn altar of Beogh.
 18852 | Orc:2    | Found an iron altar of Okawaru.
 18852 | Orc:2    | Identified 2 scrolls of acquirement
 18869 | Orc:2    | Killed InterstingKuromi's ghost
 18891 | Orc:2    | Acquired 868 gold pieces
 18892 | Orc:2    | Acquired 430 gold pieces
 19286 | Orc:1    | Found a roughly hewn altar of Beogh.
 19614 | Swamp:1  | Entered Level 1 of the Swamp
 20221 | Swamp:1  | Received a gift from Okawaru
 20821 | Swamp:2  | Identified the +6 scale mail of Ubri {Rampage rPois rCorr
                  | Str-4}
 21258 | Swamp:3  | Received a gift from Okawaru
 21528 | Swamp:3  | Noticed a thorn hunter
 21538 | Swamp:3  | HP: 7/148 [thorn hunter/volley of thorns (26)]
 21538 | Swamp:3  | Killed from afar by a thorn hunter

Illustrated notes

Levels and vault maps discovered:
D:1:      scummos_arrival_forest, layout_loops_cross
D:2:      layout_basic, nrook_mini_backslash, uniq_terence
D:3:      layout_basic, serial_shops, nicolae_shop_stone,
          shapermc_ecumenical_altar_ellora
D:4:      layout_basic, minmay_temple_entry_junction_2, uniq_pikel, uniq_grinder
D:5:      layout_basic, jmf_multi_god_temple, marbit_many_paths,
          water_maze_lemuel
D:6:      cheibrodos_barr_body, layout_basic, xom_redecorated, minmay_circle_x,
          uniq_edmund, uniq_eustachio
D:7:      layout_loops_ring, ashenzari_altar_1, serial_aquarium,
          aquarium_bridge_long_separate [aquarium_subvault_bridge,
          aquarium_subvault_wall, aquarium_subvault_window,
          aquarium_subvault_bridge, aquarium_subvault_wall,
          aquarium_subvault_bridge], aquarium_window_corridor_3,
          aquarium_window_2, aquarium_window_1, aquarium_view_2c
D:8:      layout_basic, serial_shops, shop
D:9:      layout_gridville, grunt_qazlal_sundering, serial_shops, shop,
          nicolae_shop_rolled_up, nicolae_shop_bloodbath_and_beyond,
          chequers_serial_rivers_micro_e, uniq_harold
D:10:     layout_gridville, due_lair_maze_entry_diamond, uniq_urug
D:11:     layout_long_grid, uniq_sonja
D:12:     layout_stronghold, orc_0_dummy, nicolae_trove_entry_crystal
Temple:   eino_temple_scatter_basement
Lair:1:   layout_roguey, serial_forest, infiniplex_forest_lined_room_2,
          infiniplex_forest_side_room, infiniplex_forest_lined_3,
          infiniplex_forest_fountain, infiniplex_forest_clump_long,
          infiniplex_forest_lined_room_2, infiniplex_forest_lined_3,
          lemuel_fruit_tree, serial_bayou_shore_b
Lair:2:   beast_lair_carwin_large_3, layout_regular_city, serial_bayou_shore_b,
          grunt_megastairs_1
Lair:3:   layout_loops_ring, alex1729_swamp_entry_worm_eleionoma,
          dummy_snake_entry, chequers_serial_rivers_micro_e,
          nicolae_lair_grove_arrangements, bobbens_dragon_lair_wall,
          uniq_nergalle
Lair:4:   layout_big_grid, slime_entry_1
Lair:5:   minmay_lair_end_frog_pond, layout_loops_ring
Swamp:1:  layout_basic_swamp, nicolae_swamp_triple_paths
Swamp:2:  layout_falls_marsh, evilmike_swamp_ruin_rubble_2, swamp_pool_5
Swamp:3:  layout_basic_swamp, evilmike_swamp_ruin_house_1
Orc:1:    orc_temple, layout_diamond_mine
Orc:2:    grunt_orc_cross, layout_caves, basic_altar,
          gammafunk_ghost_fury_of_okawaru, serial_shops,
          nicolae_shop_dealshenge, lightli_church_of_beogh

Skill      XL: |  1  2  3  4  5  6  7  8  9 10 11 12 13 14 15 |
---------------+----------------------------------------------+-----
Axes           | 3 4 5 6 8 10 12 15 16 19 20 | 20.1
Fighting       | 4 5 6 8 10 12 14 15 17 | 17.7
Armour         | 7 11 14 | 14.0
Shields        | 7 |  7.0
Invocations    | 2 9 13 | 13.0
Evocations     | 1 5 |  5.8

Action                     |  1- 3 |  4- 6 |  7- 9 | 10-12 | 13-15 || total
---------------------------+-------+-------+-------+-------+-------++-------
  Melee: War axe           |    63 |    95 |   182 |   443 |       ||   783
         Executioner's axe |       |       |       |    34 |   494 ||   528
 Invoke: Heroism           |       |       |       |     4 |     4 ||     8
         Receive Weapon    |       |       |       |     1 |       ||     1
         Receive Armour    |       |       |       |     1 |       ||     1
         Finesse           |       |       |       |       |     4 ||     4
         Duel              |       |       |       |       |     1 ||     1
  Evoke: Wand              |       |       |     1 |     4 |     1 ||     6
         Phial of floods   |       |       |       |       |     1 ||     1
    Use: Scroll            |       |     3 |     4 |    13 |    12 ||    32
         Potion            |       |       |     2 |       |     9 ||    11
   Stab: Paralysed         |       |       |     1 |     9 |       ||    10
         Distracted        |       |       |       |       |     5 ||     5
         Petrified         |       |       |       |       |     1 ||     1
 Armour: Scale mail        |    51 |       |       |       |       ||    51
         Ring mail         |     4 |    67 |   157 |   144 |       ||   372
         Chain mail        |       |       |       |   163 |       ||   163
         Crystal plate arm |       |       |       |    39 |   571 ||   610
  Dodge: Dodged            |    32 |    36 |    90 |   175 |   133 ||   466
  Block: Buckler           |    19 |    19 |    19 |    71 |       ||   128

Table legend: (Time is in decaauts)
 A = Elapsed time spent in this place.
 B = Non-inter-level travel time spent in this place.
 C = Inter-level travel time spent in this place.
 D = Time resting spent in this place.
 E = Time spent auto-exploring this place.
 F = Levels seen in this place.
 G = Mean time per level.
                   A        B        C        D        E       F      G
               +--------+--------+--------+--------+--------+-----+--------+
         Total |  21542 |  20245 |   1297 |   2138 |  14364 |  24 |  897.6 |
       Dungeon |  11604 |  10971 |    633 |   1107 |   7926 |  12 |  967.0 |
        Temple |     35 |     23 |     12 |      0 |      0 |   1 |   35.0 |
          Lair |   5161 |   4726 |    435 |    287 |   3782 |   5 | 1032.2 |
         Swamp |   2009 |   1966 |     43 |    586 |   1075 |   3 |  669.7 |
  Orcish Mines |   2711 |   2539 |    172 |    157 |   1580 |   2 | 1355.5 |
         Arena |     20 |     20 |      0 |      0 |      0 |   1 |   20.0 |
               +--------+--------+--------+--------+--------+-----+--------+

Top non-repeatable levels by time:
   Orc:2: 1618 daAuts
    D:11: 1334 daAuts
    D:12: 1333 daAuts
  Lair:1: 1266 daAuts
    D:10: 1216 daAuts
 Swamp:1: 1150 daAuts
     D:6: 1125 daAuts
   Orc:1: 1092 daAuts
  Lair:3: 1079 daAuts
     D:5: 1063 daAuts
     D:9: 1051 daAuts
  Lair:5: 1013 daAuts
  Lair:2: 957 daAuts
     D:2: 952 daAuts
     D:3: 906 daAuts
